 Dungeon Crawl Stone Soup version 0.22-a0-824-g1ca9aab89c (webtiles) character file.

30 Htamos the Conjurer (level 3, -3/19 HPs)
             Began as a Tengu Conjurer on July 24, 2018.
             Slain by a gnoll
             ... wielding a +0 halberd
              (8 damage)
             ... on level 1 of the Dungeon.
             The game lasted 00:04:01 (904 turns).

Htamos the Conjurer (Tengu Conjurer)                 Turns: 904, Time: 00:04:02

Health: -3/19      AC:  2    Str:  8    XL:     3   Next: 20%
Magic:  7/7        EV: 13    Int: 16    God:
Gold:   22         SH:  0    Dex: 14    Spells: 5/6 levels left

rFire    . . .     SeeInvis .   (no weapon)
rCold    . . .     Gourm    .   (no shield)
rNeg     . . .     Faith    .   i - +0 robe
rPois    .         Spirit   .   (helmet restricted)
rElec    .         Reflect  .   (no cloak)
rCorr    .         Harm     .   (no gloves)
MR       .....                  (boots unavailable)
Stlth    ++........             (no amulet)
HPRegen  0.06/turn              (no ring)
MPRegen  0.10/turn              (no ring)

@: no status effects
A: beak, talons 3
a: no special abilities


You were on level 1 of the Dungeon.
You were hungry.

You visited 1 branch of the dungeon, and saw 1 of its levels.

You collected 22 gold pieces.

Inventory:

Armour
 a - a +0 robe
 d - a +0 chain mail
 i - a +0 robe (worn)
 j - a +0 ring mail
Scrolls
 e - a scroll of identify {unknown}
 h - a scroll of immolation {unknown}
Potions
 b - 2 potions of curing
 g - a potion of lignification {unknown}
Comestibles
 c - a ration
 f - 5 chunks of flesh


   Skills:
 + Level 2.6 Dodging
 + Level 2.4 Stealth
 + Level 2.3 Spellcasting
 * Level 5.8 Conjurations


You had 5 spell levels left.
You knew the following spells:

 Your Spells              Type           Power        Failure   Level  Hunger
a - Magic Dart            Conj           ###.         1%          1    #......

Your spell library contained the following spells:

 Spells                   Type           Power        Failure   Level  Hunger
 Iskenderun's Mystic Bla  Conj           ###.....     19%         4    #####..
 Fulminant Prism          Conj/Hex       ##........   52%         4    #####..
 Dazzling Spray           Conj/Hex       ##....       19%         3    ###....
 Force Lance              Conj/Tloc      ##......     52%         4    #####..
 Searing Ray              Conj           ###...       2%          2    ###....


Dungeon Overview and Level Annotations

Branches:
Dungeon (1/15)

Altars:


Innate Abilities, Weirdness & Mutations

You have a beak for a mouth.
You have claws for feet.


Message History

You miscast Magic Dart.
You are very lightly contaminated with residual magic.
Nothing appears to happen.
The gnoll barely misses you.
Casting: Magic Dart (safe; 1% risk of failure)
Confirm with . or Enter, or press ? or * to list all spells.
Aiming: Magic Dart (safe; 1% risk of failure)
Press: ? - help, Shift-Dir - straight line, f/p - gnoll
Aim: a gnoll, wielding a halberd and wearing a robe (heavily wounded)
The magic dart hits the gnoll.
The gnoll is heavily wounded.
The gnoll hits you from afar with a halberd!
Ouch! That really hurt!
* * * LOW HITPOINT WARNING * * *
You see here a dagger.
Your magical contamination has completely faded away.
The gnoll misses you.
Some of the chunks of flesh in your inventory have rotted away.
There is a stone staircase leading down here.
The gnoll hits you from afar with a halberd!
You die...

####### #.....# #######
#.....# #.....# #...).#
########.###.# #.....#
#.........##.# #.....#
#.######..##.# #.....#
#.#.......##.#
#####.....###.##...##.##.#
....).).........@)..#.##.#
.###############.#g...##.###
.###...................#...#
..#.....########.##.##.##.##
........# #...#.##.......#
........####.#.#...#.....##
...........g.#.#####.....#
......#.######.### #.#.#.#
........#........# #.....#


You could see a gnoll.

Vanquished Creatures
  An ooze (D:1)
  A dart slug (D:1)
  7 bats (D:1)
  3 goblins (D:1)
  2 hobgoblins (D:1)
  2 jackals (D:1)
  A frilled lizard (D:1)
  3 kobolds (D:1)
  2 rats (D:1)
22 creatures vanquished.

Notes
Turn   | Place    | Note
-------+----------+-------------------------------------------
     0 | D:1      | Htamos the Tengu Conjurer began the quest for the Orb.
     0 | D:1      | Reached XP level 1. HP: 10/10 MP: 4/4
   233 | D:1      | Reached XP level 2. HP: 15/15 MP: 3/6
   586 | D:1      | Reached XP level 3. HP: 19/19 MP: 0/7
   904 | D:1      | Slain by a gnoll

Vault maps used:
D:1:      dpeg_arrival_houses_and_road, columned_hall_lemuel, minmay_domino_2

Action                   || total
-------------------------++-------
Melee: Unarmed           ||    11
       Peck              ||     2
       Kick              ||     1
 Cast: Magic Dart        ||    53
  Use: Potion            ||     1
Armor: Robe              ||     4
Dodge: Dodged            ||    16

Table legend:
 A = Spawn XP
 B = Non-spawn XP
 C = Spawn XP percentage of total XP
 D = Spawn monster count
 E = Non-spawn monster count
 F = Spawn count percentage of total count
 G = Total turns spent on level
                    A         B        C        D         E        F      G
               +---------+---------+-------+---------+---------+-------+---------
         Total |       0 |      44 |   0.0 |       0 |      22 |   0.0 |   904
               +---------+---------+-------+---------+---------+-------+---------
           D:1 |       0 |      44 |   0.0 |       0 |      22 |   0.0 |   904
               +---------+---------+-------+---------+---------+-------+---------
